 Dungeon Crawl Stone Soup version 0.19.5 (webtiles) character file.

389 Plasmo the Skirmisher (level 7, -3/53 HPs)
             Began as a Human Wanderer on May 14, 2017.
             Slain by an orc priest
             ... wielding a +3 morningstar
              (8 damage)
             ... on level 3 of the Dungeon.
             The game lasted 00:16:19 (2912 turns).

Plasmo the Skirmisher (Human Wanderer)              Turns: 2912, Time: 00:16:20

Health: -3/53      AC:  5    Str: 12    XL:     7   Next: 7%
Magic:  10/10      EV: 12    Int: 15    God:
Gold:   148        SH:  0    Dex: 12    Spells: 0 memorised, 10 levels left

rFire  . . .     SeeInvis .     q - +1 long sword (holy)
rCold  . . .     Gourm    .     n - +0 leather armour
rNeg   . . .     Faith    .     (no shield)
rPois  .         Spirit   .     (no helmet)
rElec  .         Reflect  .     (no cloak)
rCorr  .         Harm     .     (no gloves)
MR     .....                    (no boots)
Stlth  ++........               (no amulet)
                                (no ring)
                                j - +2 ring of protection

@: no status effects
A: no striking features
a: no special abilities


You were on level 3 of the Dungeon.
You were not hungry.

You visited 1 branch of the dungeon, and saw 3 of its levels.
You also visited: Sewer.

You collected 148 gold pieces.

Inventory:

Hand Weapons
 a - a +2 hand crossbow
 e - a +0 dagger
 p - a +0 great sword
 q - a +1 long sword of holy wrath (weapon)
Missiles
 b - 6 bolts
 g - 4 javelins (quivered)
 k - a throwing net
Armour
 n - a +0 leather armour (worn)
Jewellery
 j - a +2 ring of protection (left hand)
 m - an uncursed ring of teleportation
Scrolls
 d - 2 scrolls of identify
 o - a scroll of blinking {unknown}
Potions
 h - a potion of brilliance
 s - a potion of cancellation
Comestibles
 f - 2 bread rations
 i - a meat ration
 l - 2 beef jerkies


   Skills:
 * Level 3.9 Fighting
 * Level 1.4 Long Blades
   Level 2.0 Axes
 * Level 3.4 Crossbows
 + Level 0.8 Throwing
 * Level 2.7 Armour
 * Level 2.2 Dodging
 + Level 2.9 Stealth
 * Level 2.2 Spellcasting


You had 10 spell levels left.
You didn't know any spells.

Dungeon Overview and Level Annotations

Branches:
Dungeon (3/15)

Altars:
Elyvilon
Uskayaw


Message History

The orc priest is heavily wounded.
The orc misses you.
The orc priest hits you with an enchanted morningstar!
* * * LOW HITPOINT WARNING * * *
You hit the orc priest but do no damage.
The orc priest is heavily wounded.
The orc hits you but does no damage. The orc priest completely misses you.
The orc misses you.
Okay, then.
You barely miss the orc priest.
The orc priest is heavily wounded.
The orc priest hits you with an enchanted morningstar!
* * * LOW HITPOINT WARNING * * *
The orc misses you.
You riposte.
You hit the orc.
The orc is severely wounded.
You hit the orc priest.
The orc priest is almost dead.
The orc hits you but does no damage.
The orc priest hits you with an enchanted morningstar!
You die...

..8.......8.#
............#
#.8.......8.#
...........
.........#
.........#
.........#
############o##
##.≈≈≈≈≈≈≈≈≈@o# ##
#..≈≈≈≈.≈≈≈≈..#
.####..≈≈≈≈≈≈≈≈≈.##
......############
#....## ..##..#
#####.(# #... #...


You could see an orc priest and an orc.

Vanquished Creatures
  2 bullfrogs (Sewer)
  An orc priest (D:3)
  An orc wizard (D:3)
  6 adders
  10 oozes (Sewer)
  A dart slug (D:3)
  15 leopard geckos
  An orc (D:3)
  11 ball pythons
  7 bats
  10 giant cockroaches
  6 hobgoblins
  A kobold (D:2)
  17 frilled lizards
  6 goblins
  8 rats
103 creatures vanquished.

Vanquished Creatures (others)
  A quokka (D:2)
  A bat (D:2)
2 creatures vanquished.

Grand Total: 105 creatures vanquished

Notes
Turn   | Place    | Note
-------+----------+-------------------------------------------
     0 | D:1      | Plasmo the Human Wanderer began the quest for the Orb.
     0 | D:1      | Plasmo set off with: a +2 hand crossbow, 25 bolts, 2 potions of lignification, a +0 robe, a +0 dagger, a bread ration
     0 | D:1      | Reached XP level 1. HP: 18/18 MP: 1/1
    86 | D:1      | Reached XP level 2. HP: 24/24 MP: 2/2
   272 | D:1      | Reached XP level 3. HP: 29/29 MP: 4/4
   525 | D:1      | Reached skill level 1 in Dodging
   648 | D:2      | Found a white marble altar of Elyvilon.
  1042 | D:2      | Reached skill level 1 in Spellcasting
  1595 | D:3      | Found a glowing drain.
  1606 | D:3      | Reached XP level 4. HP: 33/35 MP: 5/5
  1640 | Sewer    | Entered a sewer
  1982 | Sewer    | Reached XP level 5. HP: 29/41 MP: 5/7
  2511 | Sewer    | Noticed a bullfrog
  2520 | Sewer    | Reached XP level 6. HP: 35/48 MP: 8/8
  2531 | Sewer    | Reached skill level 1 in Long Blades
  2725 | D:3      | Found a hide-covered altar of Uskayaw.
  2894 | D:3      | Reached XP level 7. HP: 52/53 MP: 10/10
  2912 | D:3      | Slain by an orc priest

Skill      XL: |  1  2  3  4  5  6 |
---------------+-------------------+-----
Dodging        | 1 2 |  2.2
Spellcasting   | 1 2 |  2.2
Armour         | 2 |  2.7
Crossbows      | 3 |  3.4
Long Blades    | 1 |  1.4
Fighting       | |  3.9
Axes           | |  2.0
Throwing       | |  0.8
Stealth        | |  2.9

Action                   |  1- 3 |  4- 6 |  7- 9 || total
-------------------------+-------+-------+-------++-------
Melee: Long sword        |       |    93 |    16 ||   109
 Fire: Hand crossbow     |    71 |    88 |       ||   159
  Use: Scroll            |     8 |       |       ||     8
       Potion            |       |     4 |       ||     4
 Stab: Sleeping          |       |     1 |       ||     1
  Eat: Chunk             |     1 |     4 |       ||     5
       Pizza             |     1 |       |       ||     1
Armor: Leather armour    |     5 |    45 |     3 ||    53
       Skin              |       |    37 |    17 ||    54
Dodge: Dodged            |     8 |    96 |     7 ||   111
       Rpst.: Long sword |       |    19 |     1 ||    20
